AoeStats
← Iverson

Arabia

509381277Analyzed
4v4 RM · 6d ago on Sep 26, 2026· 32m 37s· 8 players
Game mode
Random Map
Map size
Large (8 player)
Population
200
Speed
Normal
Resources
Standard
Victory
Conquest
Starting age
Dark Age
Ending age
Imperial Age
RankedLock teamsTeams togetherTeam positionsShared explorationLock speedFull tech treeHidden civsTurbo modeCheats
Victory
Defeat
🇪🇸 Berbers · Spain
1227
+11
🇪🇸 Vikings · Spain
1187
+13
🇺🇸 Danes · United States
1055
+18
🇪🇸 Persians · Spain
1052
+17
🇰🇬 Varangians · Kyrgyzstan
1129
-16
🇺🇸 Lithuanians · United States
1120
-15
🇨🇿 Huns · Czechia
1107
-15
🇮🇳 Celts · India
1070
-13
Flave Tycoon
6:00 Loom
8:35 Feudal Age
9:56 Double-Bit Axe
20:06 Castle Age
18:44 Scale Barding Armor
18:53 Bloodlines
19:16 Gold Mining
19:08 Horse Collar
21:45 Forging
22:57 Chain Barding Armor
DESTINNI
3:27 Loom
9:22 Feudal Age
11:09 Horse Collar
13:55 Double-Bit Axe
16:12 Scale Barding Armor
19:14 Forging
19:43 Bloodlines
20:04 Gold Mining
22:48 Castle Age
24:14 Chain Barding Armor
25:20 Iron Casting
TJ
5:59 Loom
11:50 Feudal Age
12:20 Double-Bit Axe
13:42 Man-at-Arms
14:49 Forging
16:14 Arson
16:14 Horse Collar
21:36 Scale Mail Armor
24:21 Castle Age
26:10 Pikeman
31:14 Iron Casting
Te0n
9:07 Loom
11:15 Feudal Age
13:36 Bloodlines
15:52 Double-Bit Axe
17:20 Forging
19:15 Horse Collar
22:30 Fletching
26:29 Castle Age
Iverson
8:19 Loom
10:45 Feudal Age
10:46 Man-at-Arms
12:15 Arson
12:22 Double-Bit Axe
24:45 Castle Age
24:25 Scale Mail Armor
24:36 Forging
26:40 Squires
26:33 Gambesons
29:49 Bow Saw
30:38 Wheelbarrow
30:28 Long Swordsman
31:53 Chain Mail Armor
juliotorralbar
10:30 Feudal Age
11:14 Double-Bit Axe
11:19 Horse Collar
14:04 Loom
16:39 Castle Age
15:03 Loom
15:04 Town Watch
15:36 Scale Mail Armor
16:38 Forging
16:55 Arson
19:49 Squires
25:16 Iron Casting
26:21 Chain Mail Armor
teomiroteomiro
7:40 Loom
10:40 Feudal Age
11:27 Double-Bit Axe
17:59 Castle Age
17:00 Bloodlines
17:18 Scale Barding Armor
18:12 Forging
30:20 Wheelbarrow
32:27 Bow Saw
Richar91ing
6:03 Loom
8:43 Feudal Age
10:15 Double-Bit Axe
14:52 Scale Barding Armor
21:44 Castle Age
20:51 Bloodlines
22:26 Husbandry
26:08 Forging
28:51 Wheelbarrow
28:18 Horse Collar
30:32 Hand Cart
33:12 Iron Casting
Connection lost

Rejoining the realm…

Still unreachable

The connection could not be restored.

Session expired

The server has moved on; the page needs a fresh start.